 Dungeon Crawl Stone Soup version 0.18.1-50-g88ac8fd (webtiles) character file.

9357 magog001 the Cleaver (level 11, -1/97 HPs)
             Began as a Minotaur Fighter on Jan 28, 2018.
             Was a Believer of Nemelex Xobeh.
             Slain by a 12-headed hydra (6 damage)
             ... on level 2 of the Lair of Beasts on Jan 29, 2018.
             The game lasted 01:02:16 (9839 turns).

magog001 the Cleaver (Minotaur Fighter)             Turns: 9839, Time: 01:02:17

Health: -1/97      AC: 20    Str: 23    XL:     11   Next: 22%
Magic:  11/11      EV:  7    Int:  3    God:    Nemelex Xobeh [**....]
Gold:   672        SH: 16    Dex: 11    Spells: 0 memorised, 10 levels left

rFire  + . .     SeeInvis +     A - +7 broad axe of the Viper {vamp, rF+}
rCold  + . .     Gourm    .     r - +2 plate armour
rNeg   . . .     Faith    .     c - +1 shield
rPois  .         Spirit   .     (helmet restricted)
rElec  .         Dismiss  .     l - +2 cloak
rCorr  .         Reflect  +     (no gloves)
SustAt .         Harm     .     (no boots)
MR     +....                    H - +3 amulet of reflection
Stlth  ..........               z - ring of protection from magic
                                g - ring of see invisible

@: very slightly contaminated, invisible, somewhat resistant to hostile
enchantments, extremely unstealthy
A: retaliatory headbutt, horns 2, cold resistance 1, dopey 1, regeneration 1
a: Renounce Religion


You were on level 2 of the Lair of Beasts.
You worshipped Nemelex Xobeh.
Nemelex Xobeh was pleased with you.
You were not hungry.

You visited 3 branches of the dungeon, and saw 13 of its levels.
You also visited: Ossuary and Bailey.

You collected 672 gold pieces.

Inventory:

Hand Weapons
 A - the +7 broad axe of the Viper (weapon) {vamp, rF+}
   (You acquired it in an ossuary)

   It inflicts no extra harm, but heals its wielder somewhat when it strikes a
   living foe.
   It protects you from fire.
 L - the +8 spear "Tenkes" {antimagic, rF- Int+4, unknown}
   (You found it on level 1 of the Lair of Beasts)

   It disrupts the flow of magical energy around spellcasters and certain
   magical creatures (including the wielder).
   It affects your intelligence (+4).
   It makes you vulnerable to fire.
 P - a +8 blowgun
Missiles
 i - 41 sling bullets
 u - 2 tomahawks of dispersal (quivered)
 x - 18 poisoned needles
 C - 6 javelins
 E - 3 curare-tipped needles
Armour
 c - a +1 shield (worn)
 l - a +2 cloak (worn)
 r - a +2 plate armour (worn)
Jewellery
 g - a ring of see invisible (left hand)
 z - a ring of protection from magic (right hand)
 H - a +3 amulet of reflection (around neck)
 I - an uncursed amulet of regeneration
Wands
 a - a wand of lightning (7/15)
 t - a wand of teleportation (0/9)
 y - a wand of flame (46/48)
 G - a wand of flame (21/48)
 M - a wand of polymorph (8/24)
Scrolls
 e - a scroll of identify
 f - 3 scrolls of fog
 n - 4 scrolls of fear
 q - a scroll of summoning
 R - a scroll of teleportation
Potions
 b - 4 potions of berserk rage
 d - 2 potions of might
 j - 7 potions of curing
 k - 2 potions of cure mutation
 m - a potion of magic
 o - a potion of cancellation
 v - a potion of brilliance
 B - 4 potions of agility
 N - a potion of experience {unknown}
 O - a potion of invisibility
 Q - a potion of degeneration {unknown}
Miscellaneous
 h - a plain deck of destruction
 K - a plain deck of war {drawn: 2}
Comestibles
 p - 3 chunks of flesh
 w - a royal jelly
 D - 5 meat rations
 F - 2 fruits
 J - 2 bread rations


   Skills:
 * Level 9.4 Fighting
 * Level 11.7 Axes
 * Level 10.3 Armour
 + Level 2.3 Dodging
 + Level 0.5 Stealth
 * Level 11.5 Shields
 + Level 1.5 Evocations


You had 10 spell levels left.
You didn't know any spells.

Dungeon Overview and Level Annotations

Branches:
Dungeon (10/15)            Temple (1/1) D:5            Lair (2/8) D:10
    Orc: D:9-12

Altars:
Ashenzari
Cheibriados
Dithmenos
Elyvilon
Fedhas
Gozag
Kikubaaqudgha
Makhleb
Nemelex Xobeh
Okawaru
Pakellas
Qazlal
Ru
Sif Muna
Trog
Vehumet
Xom
Yredelemnul
Zin
The Shining One
Lugonu


Innate Abilities, Weirdness & Mutations

You reflexively headbutt those who attack you in melee.
You have a pair of horns on your head.
Your flesh is cold resistant.
You are dopey. (Int -2)
Your natural rate of healing is unusually fast.


Message History

* * * LOW HITPOINT WARNING * * *
The 12-headed hydra bites you but does no damage.
You block the 12-headed hydra's attack.
The 12-headed hydra completely misses you.
The 12-headed hydra bites you.
* * * LOW HITPOINT WARNING * * *
The 12-headed hydra bites you.
* * * LOW HITPOINT WARNING * * *
The 12-headed hydra bites you but does no damage. x2
You are very lightly contaminated with residual magic.
The 12-headed hydra barely misses you. The 12-headed hydra closely misses you.
You block the 12-headed hydra's attack. The 12-headed hydra bites you.
* * * LOW HITPOINT WARNING * * *
The 12-headed hydra closely misses you. The 12-headed hydra bites you.
* * * LOW HITPOINT WARNING * * *
You block the 12-headed hydra's attack.
The 12-headed hydra bites you but does no damage. x2
The 12-headed hydra bites you.
You die...
Your body disappears without a glow.

.......................#
..#.#.................##
............####.####.#
.....P...... #..# ..#
............ ##..# ##
.....#...... ##...#
............ #....##
##P..P# ###@### #P.D#
.......†......#
.............##
.............#
..............#
.............##
.............#
.............#


You could see a 12-headed hydra.

Vanquished Creatures
  5 orc knights (Bailey)
  A black mamba (Lair:1)
  A troll (D:10)
  A two-headed ogre (D:10)
  A spriggan (D:7)
  A wyvern (D:9)
  5 yaks (D:9)
  2 hippogriffs
  A water moccasin (Lair:1)
  2 porcupines (Lair:1)
  2 ice beasts
  5 orc warriors
  A black bear (D:6)
  2 phantoms (D:5)
  2 sky beasts
  6 ogres
  A centaur (D:10)
  A big kobold (D:10)
  An elf zombie (Ossuary)
  11 giant frogs
  3 scorpions
  14 killer bees (D:8)
  An electric eel (Lair:1)
  A centaur zombie (Ossuary)
  4 crimson imps
  A giant frog zombie (D:10)
  2 jellies
  4 giant frog skeletons
  3 hounds
  2 human zombies (Ossuary)
  4 orc priests
  3 iguanas
  6 orc wizards
  6 worker ants
  5 sheep (Lair:1)
  2 big kobold zombies (Ossuary)
  3 hound zombies (Ossuary)
  A hound skeleton (D:7)
  3 mummies (Ossuary)
  7 adders
  4 gnolls (D:2)
  A shadow imp (D:8)
  An ooze (D:5)
  An adder skeleton (D:6)
  3 adder zombies
  4 worms (D:2)
  3 dart slugs
  2 giant geckos
  29 orcs
  6 bats
  7 giant cockroaches
  2 gnoll zombies (Ossuary)
  7 goblins
  8 hobgoblins
  16 jackals
  10 kobolds
  A quokka (D:4)
  3 ball pythons
  8 giant newts
  4 goblin zombies (Ossuary)
  7 hobgoblin zombies (Ossuary)
  A jackal skeleton (D:4)
  4 kobold zombies (Ossuary)
  2 orc zombies (Ossuary)
  2 quokka skeletons
  4 quokka zombies
  5 rats
  2 rat zombies (Ossuary)
  A plant (Lair:1)
275 creatures vanquished.

Vanquished Creatures (collateral kills)
  2 orc warriors (Bailey)
  A worm (Bailey)
  10 orcs (Bailey)
  A bat (Bailey)
  A rat (Bailey)
15 creatures vanquished.

Grand Total: 290 creatures vanquished

Notes
Turn   | Place    | Note
--------------------------------------------------------------
     0 | D:1      | magog001 the Minotaur Fighter began the quest for the Orb.
     0 | D:1      | Reached XP level 1. HP: 19/19 MP: 0/0
   144 | D:1      | Reached XP level 2. HP: 27/27 MP: 1/1
   996 | D:2      | Reached XP level 3. HP: 27/33 MP: 2/2
  1483 | D:2      | Reached XP level 4. HP: 33/40 MP: 3/3
  1885 | D:2      | Found an oddly glowing altar of Pakellas.
  1995 | D:2      | Found a deep blue altar of Sif Muna.
  2027 | D:3      | Found a snail-covered altar of Cheibriados.
  2286 | D:3      | Reached XP level 5. HP: 46/46 MP: 4/4
  2370 | D:3      | Found a sacrificial altar of Ru.
  2938 | D:4      | Noticed an ogre
  2949 | D:4      | Killed an ogre
  2949 | D:4      | Reached skill level 1 in Dodging
  3102 | D:4      | Reached skill level 5 in Shields
  3102 | D:4      | Reached XP level 6. HP: 53/53 MP: 5/5
  3180 | D:4      | Reached skill level 5 in Armour
  3609 | D:4      | Reached skill level 5 in Axes
  3627 | D:5      | Entered Level 5 of the Dungeon
  3627 | D:5      | Found a staircase to the Ecumenical Temple.
  3642 | Temple   | Entered the Ecumenical Temple
  3776 | D:5      | Got a smelly leather armour
  3787 | D:5      | Identified the +1 leather armour "Jakuz" {rF+ rC++ rN+} (You found it on level 5 of the Dungeon)
  3937 | D:5      | Reached skill level 5 in Fighting
  3937 | D:5      | Reached XP level 7. HP: 60/61 MP: 6/6
  4061 | D:5      | Gained mutation: Your natural rate of healing is unusually fast. [mutagenic meat]
  4062 | D:5      | Gained mutation: You are dopey. (Int -2) [mutagenic meat]
  4063 | D:5      | Gained mutation: You are weak. (Str -2) [mutagenic meat]
  4065 | D:5      | Gained mutation: Armour fits poorly on your strangely shaped body. [mutagenic meat]
  4093 | D:5      | Gained mutation: Your flesh is cold resistant. [potion of mutation]
  4093 | D:5      | Lost mutation: You are weak. (Str -2) [potion of mutation]
  4093 | D:5      | Lost mutation: Armour fits poorly on your strangely shaped body. [potion of mutation]
  4189 | D:6      | Found an opulent altar of Gozag.
  4395 | D:6      | Found a sand-covered staircase.
  4400 | Ossuary  | Entered an ossuary
  4682 | Ossuary  | Reached XP level 8. HP: 64/69 MP: 7/7
  4711 | Ossuary  | Identified a scroll of acquirement
  4718 | Ossuary  | Got an ancient broad axe
  4722 | Ossuary  | Identified the +7 broad axe of the Viper {vamp, rF+} (You acquired it in an ossuary)
  5496 | D:7      | Found a stormy altar of Qazlal.
  5916 | D:7      | Reached XP level 9. HP: 68/78 MP: 8/8
  5962 | D:7      | Found a stormy altar of Qazlal.
  5971 | D:7      | Found a sparkling altar of Nemelex Xobeh.
  5971 | D:7      | Found a basalt altar of Yredelemnul.
  5977 | D:7      | Became a worshipper of Nemelex Xobeh the Trickster
  5978 | D:7      | Found a white marble altar of Elyvilon.
  6009 | D:7      | Found a bloodstained altar of Trog.
  6026 | D:7      | Found a glowing silver altar of Zin.
  6054 | D:8      | Received a gift from Nemelex Xobeh
  6527 | D:8      | Received a gift from Nemelex Xobeh
  6844 | D:8      | Reached * piety under Nemelex Xobeh
  7233 | D:9      | Found a shattered altar of Ashenzari.
  7255 | D:9      | Reached skill level 10 in Axes
  7258 | D:9      | Reached XP level 10. HP: 88/88 MP: 9/9
  7322 | D:9      | Reached skill level 10 in Shields
  7479 | D:9      | Received a gift from Nemelex Xobeh
  7538 | D:10     | Entered Level 10 of the Dungeon
  7561 | D:10     | Found a staircase to the Lair.
  7652 | D:10     | Found a flagged portal.
  7659 | Bailey   | Entered a bailey
  7875 | Bailey   | Noticed an orc knight
  7932 | Bailey   | Killed an orc knight
  7973 | Bailey   | Noticed an orc knight
  7973 | Bailey   | Noticed an orc knight
  8020 | Bailey   | Killed an orc knight
  8020 | Bailey   | Reached skill level 1 in Evocations
  8020 | Bailey   | Killed an orc knight
  8215 | Bailey   | Noticed an orc knight
  8215 | Bailey   | Noticed an orc knight
  8256 | Bailey   | Killed an orc knight
  8260 | Bailey   | Killed an orc knight
  8260 | Bailey   | Reached skill level 10 in Armour
  8385 | D:10     | Reached XP level 11. HP: 59/97 MP: 11/11
  8801 | D:10     | Received a gift from Nemelex Xobeh
  8997 | Lair:1   | Entered Level 1 of the Lair of Beasts
  9470 | Lair:1   | Reached ** piety under Nemelex Xobeh
  9477 | Lair:1   | Got an ichor-stained spear
  9826 | Lair:2   | Noticed a seven-headed hydra
  9839 | Lair:2   | Slain by a 12-headed hydra

Skill      XL: |  1  2  3  4  5  6  7  8  9 10 |
---------------+-------------------------------+-----
Armour         | 4 5 6 7 8 10 | 10.3
Shields        | 4 5 6 7 9 11 | 11.5
Fighting       | 4 5 6 8 9 |  9.4
Axes           | 3 4 5 6 8 10 11 | 11.7
Dodging        | 1 2 |  2.3
Evocations     | 1 |  1.5
Stealth        | |  0.5

Action                   |  1- 3 |  4- 6 |  7- 9 | 10-12 || total
-------------------------+-------+-------+-------+-------++-------
Melee: War axe           |    63 |   147 |   132 |       ||   342
       Headbutt          |     6 |    25 |    66 |    28 ||   125
       Broad axe         |       |       |   227 |   186 ||   413
 Fire: Blowgun           |       |       |       |     3 ||     3
Throw: Tomahawk          |       |       |       |     3 ||     3
Evoke: Wand              |       |     1 |     1 |     1 ||     3
       Deck              |       |       |       |    21 ||    21
  Use: Scroll            |       |     7 |    13 |    16 ||    36
       Potion            |       |       |     7 |     7 ||    14
  Eat: Chunk             |     1 |     8 |    10 |     6 ||    25
       Bread ration      |       |       |     3 |     1 ||     4
       Pizza             |       |       |     1 |       ||     1
       Fruit             |       |       |       |     2 ||     2
Armor: Scale mail        |    30 |     4 |       |       ||    34
       Plate armour      |       |    80 |   163 |    81 ||   324
       Chain mail        |       |       |       |    13 ||    13
Dodge: Dodged            |    17 |    26 |    56 |    59 ||   158
Block: Shield            |    36 |    92 |   240 |   224 ||   592
       Reflection        |       |       |       |    11 ||    11
